 Dungeon Crawl Stone Soup version 0.24-a0-307-gf989941 (webtiles) character file.

Game seed: 8933181455408511765

23 mhoghedin the Changer (level 2, 0/22 HPs)
             Began as a Demigod Transmuter on May 13, 2019.
             Slain by a giant cockroach (1 damage)
             ... on level 1 of the Dungeon.
             The game lasted 00:00:59 (809 turns).

mhoghedin the Changer (Demigod Transmuter)           Turns: 809, Time: 00:00:59

Health: 0/22       AC:  1    Str: 13    XL:     2   Next: 54%
Magic:  7/7        EV: 12    Int: 17    God:
Gold:   69         SH:  0    Dex: 16    Spells: 3/4 levels left

rFire    . . .     SeeInvis .   g - +1 mace (crush)
rCold    . . .     Gourm    .   (no shield)
rNeg     . . .     Faith    .   f - -1 robe (curse)
rPois    .         Spirit   .   (no helmet)
rElec    .         Reflect  .   (no cloak)
rCorr    .         Harm     .   (no gloves)
MR       .....                  (no boots)
Stlth    +.........             (no amulet)
HPRegen  0.07/turn              (no ring)
MPRegen  0.10/turn              (no ring)

@: no status effects
A: high mp 1
a: no special abilities


You were on level 1 of the Dungeon.
You were not hungry.

You visited 1 branch of the dungeon, and saw 2 of its levels.

You collected 69 gold pieces.

Inventory:

Hand Weapons
 g - a +1 mace of crushing (weapon)
   (You found it on level 1 of the Dungeon)
Missiles
 a - 32 arrows
Armour
 b - a +0 robe
 f - a cursed -1 robe (worn)
   (You found it on level 1 of the Dungeon)
Scrolls
 k - 2 scrolls of remove curse {unknown}
 n - a scroll of amnesia {unknown}
Potions
 c - a potion of haste {unknown}
 e - a potion of curing {unknown}
 h - a potion of mutation {unknown}
 i - a potion of agility {unknown}
 j - a potion of brilliance {unknown}
 l - 3 potions of lignification {unknown}
 m - a potion of might {unknown}
Comestibles
 d - 3 rations


   Skills:
 - Level 0.8 Fighting
 - Level 1.7 Dodging
 - Level 2.6 Unarmed Combat
 - Level 1.7 Spellcasting
 + Level 3.0 Transmutations


You had 3 spell levels left.
You knew the following spells:

 Your Spells              Type           Power        Failure   Level  Hunger
a - Beastly Appendage     Tmut           ##....       5%          1    #......

Your spell library contained the following spells:

 Spells                   Type           Power        Failure   Level  Hunger
 Sticks to Snakes         Tmut           ##......     9%          2    ###....
 Spider Form              Tmut/Pois      #.........   32%         3    ###....
 Ice Form                 Ice/Tmut       #.......     71%         4    #####..
 Blade Hands              Tmut           ##........   83%         5    ######.


Dungeon Overview and Level Annotations

Branches:
Dungeon (2/15)

Annotations:
D:2 Robin


Innate Abilities, Weirdness & Mutations

You have an increased reservoir of magic. (+10% MP)


Message History

You open the door.
A rat comes into view.
The rat bites you.
There is an open door, spattered with blood here.
You take 1 damage, and have 16/22 hp.
You hit the rat. The rat barely misses you.
You sock the rat!
You kill the rat!
No target in view!
You open the door.
There is an open door here.
You now have 69 gold pieces (gained 10).
There is an open door here.
You open the door.
A rat comes into view.
There is an open door here.
The helpless rat fails to defend itself.
You sock the rat!
You kill the rat!
No target in view!
You open the door.
A rat comes into view.
You regained 2 hp, and now have 19/22 hp.
There is an open door here.
The helpless rat fails to defend itself.
You hit the rat.
You kill the rat!
You open the door.
A rat comes into view.
You hit the rat.
You kill the rat!
Your Transmutations skill increases to level 3!
No target in view!
You open the door.
A rat comes into view.
You hit the rat.
You kill the rat!
No target in view!
You start resting.
Health restored: 22 A goblin comes into view.
A goblin is nearby!
The goblin shouts!
You closely miss the goblin. The goblin hits you.
You take 1 damage, and have 21/22 hp.
You sock the goblin!
You kill the goblin!
No target in view!
No target in view!
No target in view!
No target in view!
No target in view!
No target in view!
There is a stone staircase leading down here.
n - a scroll labeled XASITI PYNUG Health restored: 22 Done exploring.
No target in view!
Done exploring.
Done exploring.
(D) Dungeon
Where to? (? - help)
There is a stone staircase leading down here.
You climb downwards.
There is a stone staircase leading up here.
A rat comes into view.
A rat is nearby!
Unknown command.
A giant cockroach, a goblin and a hobgoblin come into view.
The hobgoblin shouts!
You hear a shout! x3
A goblin comes into view.
A goblin comes into view. It is wielding a +0 dagger.
A goblin comes into view. It is wielding a +0 club.
A goblin and a hobgoblin come into view.
The goblin shouts! x2; You hear an angry hiss.
A goblin comes into view.
A leopard gecko, 2 goblins and Robin come into view.
Robin shouts!
The goblin shouts! x2; The leopard gecko hisses angrily.
Robin throws the goblin at you!
A goblin comes into view. It is wielding a +0 dagger.
You take 2 damage, and have 20/22 hp.
You see here a scroll labeled MEMPIM LOPILL.
There is a stone staircase leading up here.
The goblin shouts!
A frilled lizard comes into view.
The giant cockroach bites you but does no damage.
The hobgoblin shouts!
The frilled lizard hisses angrily.
The giant cockroach misses you.
The frilled lizard hisses.
Robin roars a battlecry!
The goblins go into a battle-frenzy!
The goblin hits you with a +0 club. The hobgoblin hits you with a +0 club.
You climb upwards.
There is a stone staircase leading down here.
You take 10 damage, and have 11/22 hp.
MASSIVE DAMAGE!!
The goblin hits you with a +0 club!
* * * LOW HITPOINT WARNING * * *
The giant cockroach bites you.
You die...

#.# #.#.# #.##.... ##.# #.#.#
#.####.# ##..# #.#.# #.###...
##...###.#.# #.......
##.....##.#.###.###...
#...............# ##.#
##...g.....####.# #..
##.gs###..# #.# #..
#############.@# #..# #.# #..
#...........#..# #..# #.####.†
#.#########....# #..# #.(.....
#.# #...## #..# ######..
#.#########...####..# #..
#...#...............#########..
###.#.######.#####.............
#.#.# #.# #..########### #.#.#
#.# #..#


You could see a giant cockroach, a hobgoblin and a goblin.

Vanquished Creatures
  A dart slug (D:1)
  2 giant cockroaches (D:1)
  2 goblins (D:1)
  A hobgoblin (D:1)
  2 kobolds (D:1)
  A bat (D:1)
  A frilled lizard (D:1)
  13 rats (D:1)
23 creatures vanquished.

Notes
Turn   | Place    | Note
-------+----------+-------------------------------------------
     0 | D:1      | mhoghedin the Demigod Transmuter began the quest for the
                  | Orb.
     0 | D:1      | Reached XP level 1. HP: 15/15 MP: 5/5
   106 | D:1      | Reached skill level 2 in Transmutations
   486 | D:1      | Reached XP level 2. HP: 20/22 MP: 7/7
   633 | D:1      | Reached skill level 3 in Transmutations
   800 | D:2      | Noticed Robin
   809 | D:1      | HP: 1/22 [goblin/+0 club[Robin] (10)]
   809 | D:1      | Slain by a giant cockroach

Levels and vault maps discovered:
D:1:      giann_bridges, layout_loops_ring, minmay_rat_gold_closets
D:2:      layout_rooms, led_sif_pool, first_ration, uniq_robin

Skill      XL: |  1  2 |
---------------+-------+-----
Transmutations | 2 3 |  3.0
Fighting       | |  0.8
Dodging        | |  1.7
Unarmed Combat | |  2.6
Spellcasting   | |  1.7

Action                   || total
-------------------------++-------
Melee: Mace              ||    40
       Unarmed           ||     4
       Headbutt          ||     1
 Cast: Beastly Appendage ||     1
 Stab: Sleeping          ||     7
Armor: Robe              ||     4
Dodge: Dodged            ||    25

Table legend:
 A = Non-vault XP
 B = Vault XP
 C = Vault XP percentage of total XP
 D = Non-vault monster count
 E = Vault monster count
 F = Vault count percentage of total count
                 A         B        C        D         E       F
            +---------+---------+-------+---------+---------+-------
      Total |      24 |       9 |  27.3 |      14 |       9 |  39.1
            +---------+---------+-------+---------+---------+-------
        D:1 |      24 |       9 |  27.3 |      14 |       9 |  39.1
            +---------+---------+-------+---------+---------+-------

Levels and vault maps discovered:
D:1:      giann_bridges, layout_loops_ring, minmay_rat_gold_closets
D:2:      layout_rooms, led_sif_pool, first_ration, uniq_robin

Table legend:
 A = Turns spent in this place as a percentage of turns spent in the entire game.
 B = Non-inter-level travel turns spent in this place as a percentage of non-inter-level travel turns spent in the entire game.
 C = Inter-level travel turns spent in this place as a percentage of turns spent in this place.
 D = Turns resting spent in this place as a percentage of non-inter-level travel turns spent in this place.
 E = Turns spent auto-exploring this place as a percentage of non-inter-level travel turns spent in this place.
 F = Non-inter-level travel turns spent in this place divided by the number of levels of this place that you've seen.
                   A       B       C       D       E      F
               +-------+-------+-------+-------+-------+----------------------
         Total | 100.0 | 100.0 |   2.5 |  21.9 |  59.3 | 394.5
       Dungeon | 100.0 | 100.0 |   2.5 |  21.9 |  59.3 | 394.5
               +-------+-------+-------+-------+-------+----------------------

Table legend:
 A = Kills in this place as a percentage of kills in entire the game.
 B = Kills by you in this place as a percentage of kills by you in the entire game.
 C = Kills by friends in this place as a percentage of kills by friends in the entire game.
 D = Other kills in this place as a percentage of other kills in the entire game.
 E = Experience gained in this place as a percentage of experience gained in the entire game.
 F = Experience gained in this place divided by the number of levels of this place that you have seen.
                   A       B       C       D       E      F
               +-------+-------+-------+-------+-------+----------------------
         Total | 100.0 | 100.0 |   N/A |   N/A | 100.0 |  16.5
       Dungeon | 100.0 | 100.0 |   N/A |   N/A | 100.0 |  16.5
               +-------+-------+-------+-------+-------+----------------------
